 Dungeon Crawl Stone Soup version 0.26-a0-291-g3d11bbfad5 (webtiles) character file.

Game seed: 17095582005860462956

79 BritishOli the Skirmisher (level 4, -3/36 HPs)
             Began as a Demonspawn Fighter on July 14, 2020.
             Slain by a worker ant (5 damage)
             ... on level 3 of the Dungeon.
             The game lasted 00:01:36 (2568 turns).

BritishOli the Skirmisher (Demonspawn Fighter)      Turns: 2568, Time: 00:01:37

Health: -3/36      AC: 10    Str: 17    XL:     4   Next: 16%
Magic:  4/4        EV:  7    Int:  9    God:
Gold:   60         SH:  9    Dex: 13    Spells: 3/3 levels left

rFire    . . .     SeeInvis .   a - +0 long sword
rCold    . . .     Faith    .   c - +0 kite shield
rNeg     . . .     Spirit   .   b - +0 scale mail
rPois    .         Reflect  .   (no helmet)
rElec    .         Harm     .   f - +2 cloak
rCorr    .                      (no gloves)
MR       .....                  (no boots)
Stlth    ..........             (no amulet)
HPRegen  0.12/turn              (no ring)
MPRegen  0.09/turn              (no ring)

@: lethally poisoned (-3 -> -7)
A: powered by pain 2
a: no special abilities


You were on level 3 of the Dungeon.
You visited 1 branch of the dungeon, and saw 3 of its levels.

You collected 60 gold pieces.

Inventory:

Hand Weapons
 a - a +0 long sword (weapon)
Armour
 b - a +0 scale mail (worn)
 c - a +0 kite shield (worn)
 f - a +2 cloak (worn)
Jewellery
 g - an uncursed ring of stealth {unknown}
Scrolls
 i - 3 scrolls of identify {unknown}
 j - a scroll of enchant armour {unknown}
 l - 2 scrolls of remove curse {unknown}
 n - a scroll of magic mapping {unknown}
 o - a scroll of teleportation {unknown}
Potions
 d - a potion of might
 e - 2 potions of stabbing {unknown}
 h - a potion of mutation {unknown}
 k - a potion of haste {unknown}
 m - a potion of degeneration {unknown}
 p - a potion of resistance {unknown}


   Skills:
 + Level 3.6 Fighting
 + Level 2.5 Long Blades
 + Level 3.2 Armour
 + Level 3.2 Shields


You had 3 spell levels left.
You didn't know any spells.
Your spell library was empty.

Dungeon Overview and Level Annotations

Branches:
Dungeon (3/15)

Altars:

Annotations:
D:3 Sigmund


Innate Abilities, Weirdness & Mutations

You sometimes gain power by taking damage.


Message History

You feel sick. You block the worker ant's attack.
The worker ant closely misses you.
You riposte.
You hit the worker ant.
The worker ant is lightly wounded.
Sigmund barely misses you.
You riposte.
You slash Sigmund!
Sigmund is heavily wounded.
Your shield and scale mail prevent you from hitting Sigmund.
Sigmund is heavily wounded.
You feel sick. You block the worker ant's attack.
The worker ant bites you but does no damage.
You slash Sigmund!
Sigmund is almost dead.
You feel sick. Sigmund hits you but does no damage. The worker ant bites you.
* * * LOW HITPOINT WARNING * * *
You block the worker ant's attack.
You hit Sigmund.
Sigmund is almost dead.
You block Sigmund's attack.
The worker ant waves its antennae.
The worker ant bites you.
You die...

..............
#######.###### . #..# #
#.########.## # #.
#....#.....# #.. .##
#....####.. ..# ..#
#######..#....# # ..
#.).....$..# #.
#.@###...>## #.##a@.....#.#
#.<............
#....†##..###.##.#
#..........#.....##.### #
...###.###.##.......<.#####
.# .. #.##..###.#.##....
..> ##......#.##.... ....
.##..####..##....


You could see Sigmund and a worker ant.

Vanquished Creatures
  A white imp (D:2)
  5 leopard geckos
  An orc (D:3)
  2 ball pythons (D:2)
  A bat (D:1)
  2 giant cockroaches (D:2)
  10 goblins
  14 hobgoblins
  3 jackals (D:2)
  A quokka (D:3)
  4 frilled lizards
  4 kobolds
  11 rats
59 creatures vanquished.

Notes
Turn   | Place    | Note
-------+----------+-------------------------------------------
     0 | D:1      | BritishOli the Demonspawn Fighter began the quest for the
                  | Orb.
     0 | D:1      | Reached XP level 1. HP: 18/18 MP: 1/1
   404 | D:1      | Gained mutation: You sometimes gain a little power by
                  | taking damage. [demonic ancestry]
   404 | D:1      | Reached XP level 2. HP: 24/24 MP: 2/2
   991 | D:1      | Gained mutation: You sometimes gain power by taking damage.
                  | [demonic ancestry]
   991 | D:1      | Reached XP level 3. HP: 23/29 MP: 3/3
  2409 | D:3      | Reached XP level 4. HP: 35/35 MP: 4/4
  2485 | D:3      | Noticed Sigmund
  2568 | D:3      | Slain by a worker ant

Illustrated notes

Levels and vault maps discovered:
D:1:      denvon_arrival_waterhouse, layout_basic, minmay_misc_feat_diagonals,
          st_stairs_11, minivault_19
D:2:      layout_loops_corners
D:3:      layout_rooms, st_stairs_3, minmay_misc_feat_columns,
          roderic_lattice_a, uniq_sigmund

Skill      XL: |  1  2 |
---------------+-------+-----
Long Blades    | 2 |  2.5
Armour         | 3 |  3.2
Shields        | 3 |  3.2
Fighting       | |  3.6

Action                   |  1- 3 |  4- 6 || total
-------------------------+-------+-------++-------
Melee: Long sword        |   150 |    36 ||   186
Armor: Scale mail        |    65 |    30 ||    95
Dodge: Dodged            |    36 |    22 ||    58
Block: Kite shield       |    78 |    29 ||   107
       Rpst.: Long sword |    11 |     8 ||    19

Table legend:
 A = Non-vault XP
 B = Vault XP
 C = Vault XP percentage of total XP
 D = Non-vault monster count
 E = Vault monster count
 F = Vault count percentage of total count
                 A         B        C        D         E       F
            +---------+---------+-------+---------+---------+-------
      Total |     109 |       4 |   3.5 |      56 |       3 |   5.1
            +---------+---------+-------+---------+---------+-------
        D:1 |      40 |       4 |   9.1 |      21 |       3 |  12.5
        D:2 |      57 |       0 |   0.0 |      29 |       0 |   0.0
        D:3 |      12 |       0 |   0.0 |       6 |       0 |   0.0
            +---------+---------+-------+---------+---------+-------
